AoeStats
← eloycorsob

Arena

508841492Analyzed
4v4 RM · 9d ago on Sep 24, 2026· 32m 54s· 8 players
Game mode
Random Map
Map size
Large (8 player)
Population
200
Speed
Normal
Resources
Standard
Victory
Conquest
Starting age
Dark Age
Ending age
Imperial Age
RankedLock teamsTeams togetherTeam positionsShared explorationLock speedFull tech treeHidden civsTurbo modeCheats
Victory
Defeat
🇨🇳 Hindustanis · China
685
+8
🇨🇳 Lithuanians · China
684
+8
🇨🇳 Teutons · China
434
+18
🇨🇳 Wei · China
361
+21
🇪🇸 Cumans · Spain
576
-17
🇪🇸 Turks · Spain
549
-16
🇨🇳 Georgians · China
463
-13
🇪🇸 Persians · Spain
365
-9
Belay
0:37 Loom
13:10 Feudal Age
18:37 Arson
28:02 Castle Age
26:41 Man-at-Arms
esekpa
1:38 Loom
12:15 Feudal Age
15:36 Wheelbarrow
14:45 Horse Collar
14:56 Double-Bit Axe
17:02 Gold Mining
17:23 Stone Mining
24:01 Castle Age
22:42 Forging
22:33 Scale Mail Armor
25:22 Husbandry
25:33 Bloodlines
24:43 Light Cavalry
25:12 Arson
25:28 Squires
24:48 Pikeman
24:53 Elite Skirmisher
28:50 Scale Barding Armor
28:47 Scale Mail Armor
30:39 Chain Barding Armor
30:56 Iron Casting
30:36 Chain Mail Armor
30:22 Padded Archer Armor
32:29 Heavy Plow
32:42 Bow Saw
おに惨
eloycorsob
3:03 Loom
12:51 Feudal Age
17:51 Wheelbarrow
20:33 Double-Bit Axe
20:41 Horse Collar
23:40 Castle Age
21:48 Stone Mining
21:48 Gold Mining
24:35 Crossbowman
25:45 Bow Saw
26:58 Heavy Plow
28:59 Hand Cart
爷
0:50 Loom
10:37 Feudal Age
11:52 Double-Bit Axe
20:04 Castle Age
19:17 Gold Mining
21:36 Horse Collar
鬼才
0:44 Loom
13:45 Feudal Age
15:42 Wheelbarrow
14:48 Horse Collar
14:54 Double-Bit Axe
17:03 Gold Mining
24:17 Castle Age
24:22 Forging
24:12 Scale Mail Armor
24:20 Scale Barding Armor
25:05 Bloodlines
25:05 Husbandry
25:38 Hand Cart
25:25 Heavy Plow
25:36 Bow Saw
26:28 Iron Casting
Elite Savage
11:49 Feudal Age
12:57 Horse Collar
13:03 Double-Bit Axe
15:51 Castle Age
14:45 Wheelbarrow
16:52 Bow Saw
16:46 Heavy Plow
23:31 Gold Mining
24:01 Stone Mining
25:29 Hand Cart
25:24 Loom
26:53 Gold Shaft Mining
30:16 Imperial Age
27:39 Town Watch
28:30 Stone Shaft Mining
28:17 Forging
28:39 Scale Barding Armor
28:16 Treadmill Crane
28:52 Tuntian
29:41 Iron Casting
29:18 Bloodlines
29:08 Husbandry
30:39 Chain Barding Armor
32:03 Blast Furnace
31:48 Conscription
32:04 Ballistics
32:45 Chemistry
32:33 Crop Rotation
掰开腿饮水
0:38 Loom
13:21 Feudal Age
15:14 Wheelbarrow
14:28 Town Watch
16:58 Double-Bit Axe
23:05 Castle Age
21:16 Horse Collar
24:55 Bloodlines
Connection lost

Rejoining the realm…

Still unreachable

The connection could not be restored.

Session expired

The server has moved on; the page needs a fresh start.